 Dungeon Crawl Stone Soup version 0.18-a0-1418-ga86aa8f (webtiles) character file.

1946 Foomius the Reanimator (level 8, -5/64 HPs)
             Began as a Demonspawn Necromancer on Feb 26, 2016.
             Was a Priest of Okawaru.
             Slain by a hill giant
             ... wielding a +0 giant club
              (35 damage)
             ... on level 6 of the Dungeon.
             The game lasted 00:25:00 (5573 turns).

Foomius the Reanimator (Demonspawn Necromancer)     Turns: 5573, Time: 00:25:00

Health: -5/64      AC: 10    Str:  8    XL:     8   Next: 98%
Magic:  8/21       EV: 13    Int: 19    God:    Okawaru [***...]
Gold:   204        SH:  0    Dex: 14    Spells: 5 memorised, 1 level left

rFire  . . .     SeeInvis .     a - +2 mace (protect)
rCold  . . .     Gourm    .     P - +1 leather armour {rPois}
rNeg   . . .     Faith    .     (no shield)
rPois  +         Spirit   .     (no helmet)
rElec  .         Dismiss  .     (no cloak)
rCorr  .         Reflect  .     (gloves unavailable)
SustAt .         Harm     .     t - +0 pair of boots
MR     .....                    (no amulet)
Stlth  +++.......               D - ring of magical power
                                (no ring)

@: not resistant to hostile enchantments, fairly stealthy
A: claws 3, nightstalker 1, powered by death 2
a: Heroism, Renounce Religion


You were on level 6 of the Dungeon.
You worshipped Okawaru.
Okawaru was most pleased with you.
You were hungry.

You visited 2 branches of the dungeon, and saw 7 of its levels.
You also visited: Ossuary.

You collected 204 gold pieces.

Inventory:

Hand Weapons
 a - a +2 mace of protection (weapon)
 f - a +0 whip of freezing
 n - a +2 short sword of draining
Missiles
 o - 3 tomahawks (quivered)
Armour
 j - a +1 leather armour of magic resistance
 t - a +0 pair of boots (worn)
 P - a +1 leather armour of poison resistance (worn)
Jewellery
 l - an uncursed ring of see invisible
 z - an uncursed ring of poison resistance
 D - a ring of magical power (right claw)
 E - an uncursed ring of sustain attributes
 G - an uncursed ring of resist corrosion
 M - an uncursed ring of magical power
Wands
 h - a wand of slowing (15/48)
 w - a wand of lightning (4/15)
 B - a wand of random effects (22/48)
Scrolls
 e - a scroll of fog {unknown}
 g - 4 scrolls of blinking
 p - 3 scrolls of teleportation {unknown}
 q - 4 scrolls of remove curse
 r - a scroll of enchant armour {unknown}
 u - a scroll of fear {unknown}
 v - a scroll of noise {unknown}
 y - 2 scrolls of amnesia {unknown}
 A - 2 scrolls of random uselessness {unknown}
 F - 2 scrolls of enchant weapon {unknown}
 K - 2 scrolls of magic mapping
 Q - a scroll of identify
Potions
 i - a potion of brilliance {unknown}
 k - 3 potions of cure mutation
 m - 5 potions of magic
 s - a potion of heal wounds {unknown}
 x - a potion of mutation {unknown}
 C - 3 potions of degeneration {unknown}
 I - a potion of invisibility
 J - 2 potions of might
 L - 2 potions of agility
 O - a potion of curing
Books
 b - a book of Necromancy

   Spells                             Type                      Level
   a - Pain                           Necromancy                   1
   b - Animate Skeleton               Necromancy                   1
   c - Vampiric Draining              Necromancy                   3
   d - Regeneration                   Charms/Necromancy            3
   e - Animate Dead                   Necromancy                   4
   f - Control Undead                 Necromancy                   4
Comestibles
 c - 6 bread rations
 d - 7 meat rations
 H - 2 chunks of flesh
 N - a slice of pizza
 R - a beef jerky


   Skills:
 - Level 6.2 Fighting
 + Level 4.8 Maces & Flails
 + Level 3.9 Dodging
 - Level 1.7 Stealth
 - Level 3.0 Spellcasting
 - Level 8.0 Necromancy
 + Level 2.5 Invocations


You had one spell level left.
You knew the following spells:

 Your Spells              Type           Power        Failure   Level  Hunger
a - Pain                  Necr           ####         1%          1    None
b - Animate Skeleton      Necr           N/A          1%          1    None
c - Control Undead        Necr           ####......   10%         4    ####...
g - Regeneration          Chrm/Necr      ###.......   14%         3    ###....
v - Vampiric Draining     Necr           ####......   2%          3    ###....


Dungeon Overview and Level Annotations

Branches:
Dungeon (6/15)             Temple (1/1) D:4

Altars:
Ashenzari
Cheibriados
Dithmenos
Elyvilon
Fedhas
Gozag
Kikubaaqudgha
Makhleb
Nemelex Xobeh
Okawaru
Pakellas
Qazlal
Ru
Sif Muna
Trog
Vehumet
Xom
Yredelemnul
Zin
The Shining One

Annotations:
D:3 Terence; yogakurto's ghost, amateur TrFi
D:6 Tomstefer's ghost, novice MiGl


Innate Abilities, Weirdness & Mutations

You have claws for hands.
You are slightly more attuned to the shadows.
You regenerate health from kills.


Message History

Casting: Vampiric Draining
Confirm with . or Enter, or press ? or * to list all spells.
Aiming: Vampiric Draining
Press: ? - help, Shift-Dir - straight line, f/p - hill giant
Aim: a hill giant, wielding a giant club (severely wounded)
The hill giant is severely wounded.
You feel life coursing into your body.
You are feeling hungry.
The hill giant misses you.
Casting: Vampiric Draining
Confirm with . or Enter, or press ? or * to list all spells.
Aiming: Vampiric Draining
Press: ? - help, Shift-Dir - straight line, f/p - hill giant
Aim: a hill giant, wielding a giant club (severely wounded)
The hill giant is almost dead.
You feel life coursing into your body.
Your iguana skeleton barely misses the hill giant.
The hill giant hits you with a giant club!!
Ouch! That really hurt!
You die...

#)# #.# #.# #. #.#
#.###.####. #.#
#....(...+. #.#
#.###.####.
#.######.....# #.
#......'.....# ...
#Z.#####....###...
#C.# #....# #...
#@.# ###### #...
#..# #..# #..#
#..# #..# #..#


You could see a hill giant and a friendly iguana skeleton.

Vanquished Creatures
  Pikel (D:5)
  Eustachio (D:6)
  2 ogres (D:4)
  A centaur (D:5)
  A giant frog (D:6)
  8 scorpions (Ossuary)
  2 giant frog zombies (D:5)
  A human zombie (Ossuary)
  A hound (D:4)
  2 iguanas
  2 worker ants
  3 mummies (Ossuary)
  10 adders
  4 gnolls (D:6)
  3 scorpion zombies (Ossuary)
  A shadow imp (D:5)
  An adder zombie (D:5)
  An adder skeleton (D:6)
  4 worms
  4 giant geckos
  2 orcs
  5 giant cockroaches
  3 gnoll zombies (Ossuary)
  8 goblins
  6 hobgoblins
  8 jackals
  6 kobolds
  A quokka (D:3)
  A ball python (D:1)
  7 bats
  4 giant newts
  3 goblin zombies (Ossuary)
  A hobgoblin zombie (Ossuary)
  A kobold zombie (Ossuary)
  An orc zombie (Ossuary)
  9 rats
119 creatures vanquished.

Vanquished Creatures (collateral kills)
  An orc warrior (D:6)
  A scorpion (D:6)
  An orc (D:6)
  A jackal (D:5)
4 creatures vanquished.

Vanquished Creatures (others)
  3 slaves (D:6)
  2 orcs (D:6)
5 creatures vanquished.

Grand Total: 128 creatures vanquished

Notes
Turn   | Place    | Note
--------------------------------------------------------------
     0 | D:1      | Foomius the Demonspawn Necromancer began the quest for the Orb.
     0 | D:1      | Reached XP level 1. HP: 13/13 MP: 3/3
   143 | D:1      | Reached skill level 1 in Fighting
   372 | D:1      | Gained mutation: You are slightly more attuned to the shadows. [demonic ancestry]
   372 | D:1      | Reached XP level 2. HP: 19/21 MP: 1/5
  1071 | D:2      | Gained mutation: You have sharp fingernails. [demonic ancestry]
  1071 | D:2      | Reached XP level 3. HP: 10/28 MP: 0/6
  1076 | D:2      | Learned a level 3 spell: Vampiric Draining
  1141 | D:2      | Found a glowing golden altar of the Shining One.
  1752 | D:2      | Gained mutation: You regenerate a little health from kills. [demonic ancestry]
  1752 | D:2      | Reached XP level 4. HP: 33/35 MP: 4/7
  2219 | D:3      | Noticed yogakurto's ghost (amateur TrFi)
  2490 | D:3      | Learned a level 3 spell: Regeneration
  2663 | D:3      | Noticed Terence
  2669 | D:4      | Noticed an ogre
  2681 | D:4      | Killed an ogre
  2681 | D:4      | Reached skill level 5 in Necromancy
  2681 | D:4      | Reached XP level 5. HP: 12/42 MP: 2/9
  2919 | D:4      | Gained mutation: You regenerate health from kills. [demonic ancestry]
  2919 | D:4      | Reached XP level 6. HP: 47/49 MP: 7/10
  3213 | D:4      | Found a staircase to the Ecumenical Temple.
  3221 | Temple   | Entered the Ecumenical Temple
  3346 | Temple   | Became a worshipper of Warmaster Okawaru
  3521 | D:4      | Learned a level 1 spell: Animate Skeleton
  3705 | D:5      | Entered Level 5 of the Dungeon
  3767 | D:5      | Found a sand-covered staircase.
  3775 | Ossuary  | Entered an ossuary
  3822 | Ossuary  | Reached skill level 5 in Fighting
  3846 | Ossuary  | Reached skill level 1 in Maces & Flails
  3866 | Ossuary  | Reached skill level 6 in Necromancy
  3866 | Ossuary  | Gained mutation: You have very sharp fingernails. [demonic ancestry]
  3866 | Ossuary  | Reached XP level 7. HP: 47/56 MP: 11/11
  4068 | Ossuary  | Learned a level 4 spell: Control Undead
  4086 | Ossuary  | Reached * piety under Okawaru
  4346 | D:5      | Reached skill level 7 in Necromancy
  4475 | D:5      | Gained mutation: You have claws for hands. [demonic ancestry]
  4475 | D:5      | Reached XP level 8. HP: 27/64 MP: 12/12
  4894 | D:6      | Noticed a hill giant
  4941 | D:6      | Noticed Pikel
  4942 | D:6      | Noticed Tomstefer's ghost (novice MiGl)
  4959 | D:5      | Killed Pikel
  4959 | D:5      | Reached ** piety under Okawaru
  4997 | D:6      | Killed an orc warrior
  4997 | D:6      | Reached *** piety under Okawaru
  4997 | D:6      | Reached skill level 8 in Necromancy
  5298 | D:6      | Noticed Eustachio
  5328 | D:6      | Reached skill level 1 in Invocations
  5361 | D:6      | Killed Eustachio
  5485 | D:6      | Found a sacrificial altar of Ru.
  5573 | D:6      | Slain by a hill giant

Vault maps used:
D:1:      lightli_arrival_isolated_outpost, kennysheep_flooded_box
D:2:      tso_metal_star, st_stairs_10, kennysheep_another_room
D:3:      first_bread, minmay_misc_feat_iff, uniq_terence
D:4:      minmay_temple_entry_trees
D:5:      chequers_ossuary_entry_cave, minivault_11
D:6:      lemuel_doored_altar, uniq_crazy_yiuf_cottage, uniq_eustachio,
          uniq_prince_ribbit1, uniq_pikel
Temple:   kilobyte_greek_temple_18
Ossuary:  ossuary_minmay_scorpions

Skill      XL: |  1  2  3  4  5  6  7  8 |
---------------+-------------------------+-----
Fighting       | 1 2 3 4 5 6 |  6.2
Spellcasting   | 3 |  3.0
Necromancy     | 5 6 7 8 |  8.0
Maces & Flails | 1 3 4 |  4.8
Dodging        | 3 |  3.9
Invocations    | 2 |  2.5
Stealth        | |  1.7

Action                   |  1- 3 |  4- 6 |  7- 9 || total
-------------------------+-------+-------+-------++-------
Melee: Mace              |    34 |    62 |   182 ||   278
Throw: Tomahawk          |    24 |     5 |     8 ||    37
 Cast: Pain              |    41 |    75 |    51 ||   167
       Vampiric Draining |       |     2 |    12 ||    14
       Animate Skeleton  |       |     1 |    11 ||    12
       Control Undead    |       |       |     4 ||     4
       Regeneration      |       |       |     1 ||     1
Evoke: Wand              |       |     1 |       ||     1
  Use: Scroll            |       |     1 |     8 ||     9
 Stab: Sleeping          |     2 |     1 |     3 ||     6
       Distracted        |     1 |       |       ||     1
       Paralysed         |       |     4 |       ||     4
  Eat: Chunk             |     3 |     6 |     7 ||    16
       Beef jerky        |       |       |     1 ||     1
